 Dungeon Crawl Stone Soup version 0.31.0-11-ge490571c62 (webtiles) character file.

Game seed: 9248763955036518738

2436 Chiseanne the Blocker (level 9, 0/56 (57) HPs)
             Began as an Octopode Shapeshifter on Feb 9, 2024.
             Slain by a wight
             ... wielding a +0 spear
              (7 damage)
             ... on level 7 of the Dungeon.
             The game lasted 00:10:51 (6290 turns).

Chiseanne the Blocker (Octopode Shapeshifter)       Turns: 6290, Time: 00:10:51

HP:   0/56 (57)     AC:  5    Str: 13    XL:     9   Next: 49%
MP:   9/9           EV: 19    Int: 13    God:
Gold: 287           SH:  9    Dex: 15    Spells: 8/8 levels left

rFire   . . .        t - +0 whip (drain)
rCold   . . .        l - +2 buckler
rNeg    . . .        (helmet currently unavailable)
rPois   +            (no amulet)
rElec   .            h - ring of resist corrosion
rCorr   +            j - +4 ring of protection
SInv    .            m - +5 ring of evasion
Will    .....        o - ring of poison resistance
Stlth   ++++         (no ring)
HPRegen 0.29/turn    (no ring)
MPRegen 0.11/turn    (no ring)
                     (no ring)

%: no passive effects
@: beast-form, lightly drained
A: beast (slay +2), almost no armour, amphibious, 8 rings, camouflage 1,
gelatinous body 1, (nimble swimmer 1), tentacles
a: Begin Untransformation


You were on level 7 of the Dungeon.
You were a hulking beast.
You visited 1 branch of the dungeon, and saw 7 of its levels.

You collected 287 gold pieces.

Inventory:

Hand Weapons
 n - a +2 short sword of distortion
 t - a +0 whip of draining (weapon)
 y - a +1 falchion of protection
Missiles
 f - 12 poisoned darts (quivered)
 k - 44 stones
 x - 6 javelins
Armour
 l - a +2 buckler (worn)
 s - an orb of energy
Jewellery
 h - a ring of resist corrosion (left tentacle)
 j - a +4 ring of protection (right tentacle)
 m - a +5 ring of evasion (on tentacle)
 o - a ring of poison resistance (on tentacle)
Talismans
 b - a beast talisman (active)
 c - a flux talisman
 i - a serpent talisman
Wands
 u - a wand of quicksilver (3)
 w - a wand of mindburst (22)
 z - a wand of iceblast (11)
Scrolls
 e - a scroll of summoning
 p - 2 scrolls of amnesia
Potions
 a - a potion of lignification
 d - 7 potions of curing
 g - 2 potions of ambrosia
 q - a potion of berserk rage
 r - a potion of mutation {unknown}
 v - 2 potions of enlightenment


   Skills:
 * Level 3.5 Fighting
 * Level 4.0 Dodging
 * Level 4.8 Stealth
 - Level 10.2 Shields
 - Level 3.0 Unarmed Combat
 * Level 4.3 Shapeshifting


You had 8 spell levels left.
You didn't know any spells.
Your spell library contained the following spells:

 Spells                   Type           Power      Damage    Failure   Level
 Sandblast                Erth           0%         2d4       36%         1
 Cigotuvi's Dreadful Rot  Necr/Alch/Air  0%         N/A       50%         2
 Ensorcelled Hibernation  Hex/Ice        0%         N/A       50%         2
 Dazzling Flash           Conj/Hex       0%         N/A       75%         3
 Frozen Ramparts          Ice            0%         1d1       75%         3
 Passwall                 Erth           0%         N/A       75%         3
 Stone Arrow              Conj/Erth      0%         3d7       75%         3
 Swiftness                Air            0%         N/A       75%         3
 Volatile Blastmotes      Fire/Tloc      0%         2d10      75%         3
 Brom's Barrelling Bould  Conj/Erth      0%         2d3       98%         4
 Dispel Undead            Necr           0%         3d6       98%         4
 Leda's Liquefaction      Alch/Erth      0%         N/A       98%         4
 Martyr's Knell           Necr/Summ      0%         N/A       98%         4
 Petrify                  Alch/Erth      0%         N/A       98%         4
 Metabolic Englaciation   Hex/Ice        0%         N/A       100%        5
 Death Channel            Necr           0%         N/A       100%        6
 Starburst                Conj/Fire      0%         6d3       100%        6
 Maxwell's Capacitive Co  Air            0%         ∞         100%        8


Dungeon Overview and Level Annotations

Branches:
Dungeon (7/15)
 Temple: D:4-7

Altars:
Wu Jian
Yredelemnul

Shops:
D:3 *   D:7 *

Annotations:
D:4 Edmund


Innate Abilities, Weirdness & Mutations

You are a hulking beast.
Your limbs bulge with bestial killing power. (Slay +2)
You cannot wear most types of armour.
You are amphibious.
You can wear up to eight rings at the same time.
Your skin changes colour to match your surroundings (Stealth+).
Your rubbery body absorbs attacks. (AC +1, EV +1)
((You are camouflaged when in or above water. (Stealth+)))
You have tentacles for arms and can constrict up to eight enemies at once.


Message History

You block the gnoll's attack.
A wight comes into view. It is wielding a +0 spear.
You barely miss the gnoll. Your grab misses the gnoll.
You squeeze the gnoll, but do no damage.
The gnoll is heavily wounded.
The gnoll completely misses you. The gnoll closely misses you.
The wight hits you from afar with a +0 spear.
You hit the gnoll. You drain the gnoll.
You kill the gnoll!
You block the gnoll's attack.
The wight hits you from afar with a +0 spear.
The gnoll closely misses you.
Things that are here:
a +0 flail of protection; a +0 club; a +0 halberd You closely miss the gnoll.
You grab the gnoll. You constrict the gnoll.
The gnoll hits you but does no damage.
You hit the gnoll. You drain the gnoll.
The gnoll is heavily wounded.
You constrict the gnoll.
A wight comes into view. It is wielding a +5 flail.
You block the gnoll's attack.
A wight comes into view.
It is wielding a +5 scimitar of freezing.
You hit the gnoll.
The gnoll is severely wounded.
You constrict the gnoll. The wight barely misses you.
The gnoll hits you but does no damage.
You whack the gnoll!
You kill the gnoll!
The wight completely misses you. You block the wight's attack.
The wight hits you with a +5 scimitar of freezing!
The wight freezes you.
The wight hits you from afar with a +0 spear.
The wight barely misses you.
Your Dodging skill increases to level 4!
The wight hits you with a +5 flail!
* * * LOW HITPOINT WARNING * * *
You feel drained.
* * * LOW HITPOINT WARNING * * *
The wight hits you from afar with a +0 spear!
You die...

#......##...###...####
###.##.##...##.......#
#.....'...>...####.#
#######...###.# #.#
##### #.# #.#
#.####.## #<......#
###)######.
#zzh.......
#.#)########
#.#z)......#
#.#.#......#
#.#.........
#.###.#.#### #.# g....
#.# .#.### g#g#


You could see 3 wights.

Vanquished Creatures
  A water moccasin (D:5)
  2 black bears (D:6)
  An ice beast (D:5)
  An orc warrior (D:6)
  2 ogres
  2 centaurs
  2 phantoms (D:6)
  2 bullfrogs
  3 scorpions
  A gnoll sergeant (D:7)
  A water moccasin zombie (D:4)
  A howler monkey (D:6)
  2 bombardier beetles
  2 jellies (D:5)
  4 orc priests
  5 hounds
  A gnoll bouda (D:6)
  3 iguanas
  2 scorpion zombies (D:4)
  2 sleepcaps
  An orc wizard (D:7)
  Natasha (twice) (D:3)
  A hound zombie (D:4)
  A howler monkey zombie (D:4)
  9 gnolls
  12 adders
  2 river rats (D:5)
  2 white imps
  A dart slug (D:5)
  A ribbon worm (D:5)
  9 orcs
  5 endoplasms
  5 giant cockroaches
  2 goblins
  6 hobgoblins
  14 jackals
  10 kobolds
  3 quokkas
  7 ball pythons
  4 bats
  3 frilled lizards
  8 rats
148 creatures vanquished.

Notes
Turn   | Place    | Note
-------+----------+-------------------------------------------
     0 | D:1      | Chiseanne the Octopode Shapeshifter began the quest for the
                  | Orb.
     0 | D:1      | Reached XP level 1. HP: 13/13 MP: 1/1
   213 | D:1      | Reached skill level 1 in Stealth
   366 | D:1      | Reached XP level 2. HP: 14/18 MP: 2/2
   558 | D:1      | Found a faded altar of an unknown god.
  1042 | D:2      | Reached XP level 3. HP: 20/23 MP: 3/3
  1628 | D:2      | Reached XP level 4. HP: 29/29 MP: 4/4
  1734 | D:3      | Noticed Natasha
  1740 | D:3      | Killed Natasha
  1856 | D:3      | Noticed Natasha
  1866 | D:3      | Killed Natasha
  1867 | D:3      | Reached XP level 5. HP: 23/35 MP: 5/5
  1955 | D:3      | Found Pitaff's General Store.
  2076 | D:4      | Reached skill level 1 in Shields
  2111 | D:4      | Reached skill level 2 in Shields
  2210 | D:4      | Reached XP level 6. HP: 31/41 MP: 6/6
  2253 | D:4      | Reached skill level 3 in Shields
  2260 | D:4      | Noticed Edmund
  2381 | D:4      | Reached skill level 4 in Shields
  2505 | D:3      | Reached XP level 7. HP: 28/45 MP: 7/7
  2759 | D:4      | Found a basalt altar of Yredelemnul.
  2766 | D:4      | Reached skill level 5 in Shields
  3095 | D:5      | Entered Level 5 of the Dungeon
  3252 | D:5      | Found an ornate altar of the Wu Jian Council.
  3312 | D:5      | Reached skill level 6 in Shields
  3429 | D:5      | Reached skill level 7 in Shields
  3429 | D:5      | Reached XP level 8. HP: 45/51 MP: 8/8
  3850 | D:5      | Reached skill level 8 in Shields
  4281 | D:6      | Reached skill level 9 in Shields
  4517 | D:6      | Reached XP level 9. HP: 48/55 MP: 9/9
  4608 | D:6      | Reached skill level 10 in Shields
  6174 | D:7      | Found Vuoriwui's Assorted Antiques.
  6290 | D:7      | Slain by a wight

Illustrated notes

Levels and vault maps discovered:
D:1:      scummos_arrival_simple_fountains, layout_loops_corners,
          hellmonk_ecumenical_altar_crossroads, dreamdust_mushroom_princess
D:2:      layout_basic
D:3:      layout_basic, serial_shops, nicolae_shop_stone, grunt_ministairs_5,
          uniq_natasha
D:4:      layout_basic, nicolae_yredelemnul_corpse_copse,
          minmay_temple_entry_proselytizer, nicolae_half_adder, uniq_edmund
D:5:      layout_loops_ring, nzn_wu_jian_contemplation, gup_sewer_entry_bubbles,
          serial_bayou, serial_bayou_pond_e, serial_bayou_pond_b,
          serial_bayou_crossing
D:6:      layout_layer_cave
D:7:      layout_basic, nicolae_overflow_hallway_of_the_gods, serial_shops,
          nicolae_shop_back_alley_shop

Skill      XL: |  1  2  3  4  5  6  7  8  9 |
---------------+----------------------------+-----
Stealth        | 1 2 3 4 |  4.8
Fighting       | 2 3 |  3.5
Dodging        | 3 4 |  4.0
Shields        | 2 4 7 9 10 | 10.2
Shapeshifting  | 4 |  4.3
Unarmed Combat | |  3.0

Action                     |  1- 3 |  4- 6 |  7- 9 || total
---------------------------+-------+-------+-------++-------
  Melee: Unarmed           |    78 |   118 |    79 ||   275
         Constrict         |    21 |    29 |    54 ||   104
         Tentacles         |    11 |    23 |    67 ||   101
         Punch             |     1 |     4 |     4 ||     9
         Whip              |       |       |   166 ||   166
  Throw: Dart              |       |       |     7 ||     7
    Use: Scroll            |     3 |     2 |     9 ||    14
   Stab: Sleeping          |     7 |     6 |     9 ||    22
         Distracted        |       |     1 |       ||     1
 Armour: Skin              |    28 |    45 |    88 ||   161
  Dodge: Dodged            |    37 |    63 |   188 ||   288
  Block: Buckler           |       |    19 |   105 ||   124
   Form: Beast             |     1 |       |       ||     1
